 Dungeon Crawl Stone Soup version 0.31-a0-152-g6aa68a64a1 (webtiles) character file.

Game seed: 2542967554827313817

1423 qw the Skirmisher (level 8, 0/71 HPs)
             Began as a Minotaur Hunter on June 9, 2023.
             Slain by a gnoll
             ... wielding a +0 halberd
             ... led by a gnoll bouda
              (6 damage)
             ... on level 6 of the Dungeon.
             The game lasted 00:01:51 (4234 turns).

qw the Skirmisher (Minotaur Hunter)                 Turns: 4234, Time: 00:01:52

Health: 0/71       AC:  8    Str: 16    XL:     8   Next: 44%
Magic:  7/7        EV: 14    Int:  6    God:
Gold:   330        SH:  0    Dex: 16    Spells: 7/7 levels left

rFire   + . .        Y - +0 shortbow
rCold   . . .        (shield currently unavailable)
rNeg    . . .        o - +0 steam dragon scales
rPois   +            (helmet restricted)
rElec   .            (no cloak)
rCorr   .            h - +2 pair of gloves
SInv    .            (no boots)
Will    .....        n - amulet of the acrobat
Stlth   ++           e - ring of poison resistance
HPRegen 0.31/turn    p - ring of protection from fire
MPRegen 0.10/turn

%: acrobat
@: weakened
A: horns 2, retaliatory headbutt, passive freeze, MP-powered wands
a: no special abilities


You were on level 6 of the Dungeon.
You visited 1 branch of the dungeon, and saw 6 of its levels.

You collected 330 gold pieces.


Innate Abilities, Weirdness & Mutations

You have a pair of horns on your head.
You reflexively headbutt those who attack you in melee.
A frigid envelope surrounds you and freezes all who hurt you.
You expend magic power (3 MP) to strengthen your wands.


   Skills:
 + Level 6.5 Fighting
 - Level 10.1 Ranged Weapons
 - Level 2.0 Armour
 - Level 4.1 Dodging
 - Level 0.7 Stealth


You had 7 spell levels left.
You didn't know any spells.
Your spell library was empty.

Inventory:

Hand Weapons
 Y - a +0 shortbow (weapon)
Armour
 h - a +2 pair of gloves (worn)
 l - the +2 leather armour of Magic {-Tele Regen+ Str+9 Dex-4}
   (You found it on level 3 of the Dungeon)

   Str:       It affects your strength (+9).
   Dex:       It affects your dexterity (-4).
   -Tele:     It prevents most forms of teleportation.
   Regen:     It increases your rate of health regeneration.
 o - +0 steam dragon scales (worn)
Jewellery
 e - a ring of poison resistance (left hand)
 n - an amulet of the acrobat (around neck)
 p - a ring of protection from fire (right hand)
Scrolls
 f - a scroll of identify
Potions
 a - a potion of curing
 c - a potion of haste
 g - a potion of might
 i - a potion of ambrosia {unknown}
 j - a potion of mutation
 m - a potion of heal wounds {unknown}

Dungeon Overview and Level Annotations

Branches:
Dungeon (6/15)
 Temple: D:4-7

Altars:
Gozag
Kikubaaqudgha
Zin

Annotations:
D:6 3 runed translucent doors, qw's ghost, novice MiHu


Message History

The gnoll hits you but does no damage. The gnoll barely misses you.
The gnoll bouda hits you with a +0 whip.
The gnoll bouda is very cold.
The gnoll bouda is severely wounded.
You shoot an arrow.
The arrow barely misses the gnoll bouda.
The gnoll barely misses you. x2
The gnoll hits you from afar with a +0 halberd!
The gnoll bouda hits you with a +0 whip.
The gnoll bouda is very cold.
You kill the gnoll bouda!
You shoot an arrow. The arrow hits the gnoll.
The gnoll is moderately wounded.
The gnoll barely misses you. The gnoll closely misses you.
The gnoll hits you from afar with a +0 halberd.
You shoot an arrow. The arrow hits the gnoll!
The gnoll is almost dead.
The gnoll is no longer moving quickly.
The gnoll hits you but does no damage.
The gnoll hits you from afar with a +0 halberd.
The gnoll misses you.
You shoot an arrow. The arrow barely misses the gnoll.
The gnoll is no longer moving quickly.
The gnoll hits you from afar with a +0 spear.
The gnoll hits you from afar with a +0 halberd.
You shoot an arrow. The arrow hits the gnoll!
You kill the gnoll!
The gnoll barely misses you. The gnoll misses you.
You shoot an arrow. The arrow hits the gnoll!
The gnoll is severely wounded.
The gnoll misses you.
The gnoll hits you from afar with a +0 halberd!
You shoot an arrow.
The arrow hits the gnoll but does no damage.
The gnoll is severely wounded.
The gnoll completely misses you. The gnoll misses you.
You shoot an arrow. The arrow hits the gnoll.
You kill the gnoll!
The gnoll closely misses you.
The gnoll hits you from afar with a +0 halberd.
You die...

###..# #..#
#.## ###.#
#..## ##.#
##.# #..##
#.)@# #..)#
#.gg).#
#......gg
#.....#g...
....#.# ..g
##..#### ..
#### .


You could see 2 gnolls.

Vanquished Creatures
  Grinder (D:3)
  2 steam dragons
  An ice beast (D:4)
  2 ogres
  A centaur (D:4)
  A phantom (D:5)
  A jelly (D:6)
  2 hounds
  2 orc priests
  A gnoll bouda (D:6)
  2 iguanas
  An orc wizard (D:6)
  Natasha (thrice) (D:3)
  11 adders
  6 gnolls
  A white imp (D:5)
  2 ufetubi (D:6)
  2 worms (D:2)
  2 dart slugs
  10 orcs
  3 bats
  5 endoplasms
  3 giant cockroaches (D:4)
  3 goblins
  8 hobgoblins
  11 kobolds
  3 quokkas
  5 ball pythons
  3 frilled lizards
  4 rats
102 creatures vanquished.

Notes
Turn   | Place    | Note
-------+----------+-------------------------------------------
     0 | D:1      | qw the Minotaur Hunter began the quest for the Orb.
     0 | D:1      | Reached XP level 1. HP: 18/18 MP: 0/0
     0 | D:1      | 0 ||| qw: Version: 0.2-a-122-gbc61b45
     0 | D:1      | 0 ||| qw: Game counter: 3377
     0 | D:1      | 0 ||| qw: Always use a shield: true
     0 | D:1      | 0 ||| qw: God list: Okawaru
     0 | D:1      | 0 ||| qw: Allow faded altars: false
     0 | D:1      | 0 ||| qw: Do Orc after D:15 true
     0 | D:1      | 0 ||| qw: Do second Lair branch before Depths: true
     0 | D:1      | 0 ||| qw: Lair rune preference: random
     0 | D:1      | 0 ||| qw: Plans: Normal
     0 | D:1      | 0 ||| PLANNING D:1-11
   150 | D:1      | Reached XP level 2. HP: 25/25 MP: 1/1
   208 | D:1      | Reached skill level 5 in Ranged Weapons
   651 | D:1      | 651 ||| UPGRADING to +0 ring mail.
   661 | D:1      | 661 ||| DROPPING +0 leather armour.
   662 | D:1      | 662 ||| UPGRADING to +2 pair of gloves.
   667 | D:1      | 667 ||| READING scroll labelled XOAKIMUCRU.
   671 | D:1      | 671 ||| READING 2 scrolls labelled ULOECS HOLI.
   672 | D:1      | 672 ||| DROPPING scroll of butterflies.
   673 | D:1      | 673 ||| DROPPING scroll of noise.
   798 | D:2      | Reached skill level 1 in Armour
   798 | D:2      | Reached XP level 3. HP: 27/30 MP: 2/2
   815 | D:2      | Found an ancient bone altar of Kikubaaqudgha.
   832 | D:2      | Reached skill level 3 in Fighting
  1109 | D:2      | 1109 ||| DROPPING ring of flight.
  1110 | D:2      | 1110 ||| READING scroll labelled IDEOPN KELELL.
  1129 | D:3      | Reached XP level 4. HP: 38/38 MP: 3/3
  1203 | D:3      | Noticed Natasha
  1205 | D:3      | Killed Natasha
  1210 | D:3      | Identified the +2 leather armour of Magic {-Tele Regen+
                  | Str+9 Dex-4}
  1280 | D:3      | Reached skill level 6 in Ranged Weapons
  1307 | D:3      | Noticed Natasha
  1311 | D:3      | Killed Natasha
  1312 | D:3      | Reached XP level 5. HP: 45/46 MP: 4/4
  1444 | D:3      | Noticed Natasha
  1449 | D:3      | Killed Natasha
  1710 | D:3      | Noticed Grinder
  1719 | D:3      | Killed Grinder
  1720 | D:3      | Reached skill level 7 in Ranged Weapons
  1720 | D:3      | Reached XP level 6. HP: 47/53 MP: 5/5
  1742 | D:3      | 1742 ||| UPGRADING to amulet of the acrobat.
  1747 | D:3      | 1747 ||| READING scroll labelled JYZUDY EL KIR.
  1748 | D:3      | 1748 ||| READING scroll labelled PUV TAIXKY.
  1749 | D:3      | 1749 ||| DRINKING 2 red potions.
  1750 | D:3      | 1750 ||| DRINKING 2 bubbling purple potions.
  1751 | D:3      | 1751 ||| DROPPING potion of brilliance.
  1753 | D:3      | 1753 ||| Stepping ~*~*~tactically~*~*~ (cloud).
  1880 | D:4      | 1880 ||| STAIRDANCE
  1941 | D:4      | 1941 ||| STAIRDANCE
  1965 | D:4      | 1965 ||| STAIRDANCE
  2010 | D:4      | Reached skill level 8 in Ranged Weapons
  2318 | D:4      | Noticed a steam dragon
  2322 | D:4      | 2322 ||| Stepping ~*~*~tactically~*~*~ (cloud).
  2335 | D:4      | Killed a steam dragon
  2336 | D:4      | Reached skill level 6 in Fighting
  2336 | D:4      | Reached XP level 7. HP: 19/63 MP: 6/6
  2922 | D:4      | 2922 ||| UPGRADING to +0 steam dragon scales.
  2932 | D:4      | 2932 ||| DROPPING +0 ring mail.
  2933 | D:4      | 2933 ||| UPGRADING to ring of poison resistance.
  2934 | D:4      | 2934 ||| UPGRADING to ring of protection from fire.
  2935 | D:4      | 2935 ||| DRINKING 2 purple potions.
  2936 | D:4      | 2936 ||| DRINKING 2 golden potions.
  2937 | D:4      | 2937 ||| DROPPING potion of attraction.
  2990 | D:5      | Entered Level 5 of the Dungeon
  2998 | D:5      | 2998 ||| STAIRDANCE
  3005 | D:4      | Reached skill level 3 in Dodging
  3255 | D:5      | Found an opulent altar of Gozag.
  3255 | D:5      | Found a glowing silver altar of Zin.
  3413 | D:5      | HP: 13/63 [ogre/+0 giant club (13)]
  3414 | D:5      | 3414 ||| READING scroll of teleportation.
  3416 | D:5      | Reached skill level 9 in Ranged Weapons
  3764 | D:5      | 3764 ||| Stepping ~*~*~tactically~*~*~ (outnumbered).
  3875 | D:5      | Reached XP level 8. HP: 70/70 MP: 7/7
  3900 | D:5      | 3900 ||| READING 2 scrolls labelled ISISOP QAETZ.
  3901 | D:5      | 3901 ||| DRINKING 2 white potions.
  3901 | D:5      | Gained mutation: You expend magic power (3 MP) to
                  | strengthen your wands. [potion of mutation]
  3901 | D:5      | Gained mutation: A frigid envelope surrounds you and
                  | freezes all who hurt you. [potion of mutation]
  3902 | D:5      | 3902 ||| READING 2 scrolls of identify.
  3902 | D:5      | 3902 ||| IDENTIFYING murky inky potion
  3903 | D:5      | 3903 ||| DROPPING scroll of summoning.
  3904 | D:5      | 3904 ||| DROPPING potion of degeneration.
  3930 | D:6      | Found a runed translucent gate.
  3930 | D:6      | Found a runed translucent gate.
  3930 | D:6      | Found a runed translucent gate.
  3934 | D:6      | Noticed qw's ghost (novice MiHu)
  4087 | D:6      | Reached skill level 10 in Ranged Weapons
  4179 | D:6      | 4179 ||| Stepping ~*~*~tactically~*~*~ (outnumbered).
  4183 | D:6      | 4183 ||| Stepping ~*~*~tactically~*~*~ (outnumbered).
  4209 | D:6      | 4209 ||| Stepping ~*~*~tactically~*~*~ (outnumbered).
  4212 | D:6      | 4212 ||| Stepping ~*~*~tactically~*~*~ (outnumbered).
  4215 | D:6      | 4215 ||| Stepping ~*~*~tactically~*~*~ (outnumbered).
  4230 | D:6      | HP: 16/71 [gnoll/+0 halberd[a gnoll bouda] (5)]
  4232 | D:6      | HP: 6/71 [gnoll/+0 halberd[a gnoll bouda] (11)]
  4234 | D:6      | Slain by a gnoll

Levels and vault maps discovered:
D:1:      dpeg_arrival_round_c, layout_basic, corexii_item_surrounded_by_moat
D:2:      layout_rooms, basic_altar
D:3:      layout_basic, uniq_grinder, uniq_natasha
D:4:      layout_cave_pods, grunt_decor_arrowhead
D:5:      layout_loops_cross, grunt_temple_overflow_gold_and_silver
D:6:      kennysheep_steamy, layout_cave_pools, overflow_temple_1_default,
          minmay_temple_entry_hall, gammafunk_ghost_split, serial_shops, shop,
          dreamdust_gnoll_farm, uniq_sigmund, uniq_pikel, uniq_blork_the_orc

Skill      XL: |  1  2  3  4  5  6  7  8 |
---------------+-------------------------+-----
Ranged Weapons | 5 6 7 8 9 10 | 10.1
Armour         | 1 2 |  2.0
Fighting       | 3 4 6 |  6.5
Dodging        | 3 4 |  4.1
Stealth        | |  0.7

Action                     |  1- 3 |  4- 6 |  7- 9 || total
---------------------------+-------+-------+-------++-------
   Fire: Shortbow          |   116 |   149 |   150 ||   415
    Use: Scroll            |     3 |     2 |     3 ||     8
         Potion            |       |     2 |     3 ||     5
 Armour: Leather armour    |     2 |       |       ||     2
         Ring mail         |    14 |    26 |     1 ||    41
         Steam dragon scal |       |       |    23 ||    23
  Dodge: Dodged            |    22 |    66 |    59 ||   147

Table legend:
 A = Non-vault XP
 B = Vault XP
 C = Vault XP percentage of total XP
 D = Non-vault monster count
 E = Vault monster count
 F = Vault count percentage of total count
                 A         B        C        D         E       F
            +---------+---------+-------+---------+---------+-------
      Total |    1717 |     331 |  16.2 |      99 |       3 |   2.9
            +---------+---------+-------+---------+---------+-------
        D:1 |      23 |       0 |   0.0 |      14 |       0 |   0.0
        D:2 |      73 |       0 |   0.0 |      18 |       0 |   0.0
        D:3 |     156 |     291 |  65.1 |      18 |       2 |  10.0
        D:4 |     536 |       0 |   0.0 |      23 |       0 |   0.0
        D:5 |     354 |       0 |   0.0 |      12 |       0 |   0.0
        D:6 |     575 |      40 |   6.5 |      14 |       1 |   6.7
            +---------+---------+-------+---------+---------+-------
